 Dungeon Crawl Stone Soup version 0.30-a0-883-g5ad918d77d (webtiles) character file.

Game seed: 7468506841666941662

154 bande the Covered (level 5, -1/33 HPs)
             Began as a Gargoyle Fighter on Mar 15, 2023.
             Shot with an arrow by a centaur (8 damage)
             ... on level 4 of the Dungeon.
             The game lasted 00:05:10 (2592 turns).

bande the Covered (Gargoyle Fighter)                Turns: 2592, Time: 00:05:11

Health: -1/33      AC: 14    Str: 22    XL:     5   Next: 35%
Magic:  5/5        EV:  9    Int: 13    God:
Gold:   135        SH:  4    Dex: 11    Spells: 4/4 levels left

rFire   . . .      SeeInvis +    a - +1 war axe
rCold   . . .      Faith    .    c - +0 buckler
rNeg    + . .      Spirit   .    b - +0 scale mail
rPois   ∞          Reflect  .    (no helmet)
rElec   +          Rampage  .    (no cloak)
rCorr   .                        n - +0 pair of gloves
Will    .....                    l - +1 pair of boots of the Ant {Str+2 Int+5 SInv} Stlth
                                 (no amulet)
HPRegen 0.25/turn                i - ring of flight
MPRegen 0.09/turn                (no ring)

@: flying
A: sickness immunity, AC +4, negative energy resistance 1, electricity
resistance, torment resistance 1, petrification resistance
a: no special abilities


You were on level 4 of the Dungeon.
You visited 1 branch of the dungeon, and saw 4 of its levels.

You collected 135 gold pieces.

Inventory:

Hand Weapons
 a - a +1 war axe (weapon)
Missiles
 k - a throwing net (quivered)
Armour
 b - a +0 scale mail (worn)
 c - a +0 buckler (worn)
 l - the +1 pair of boots of the Ant (worn) {Str+2 Int+5 SInv}
   (You acquired it on level 3 of the Dungeon)

   Str:       It affects your strength (+2).
   Int:       It affects your intelligence (+5).
   SInv:      It lets you see invisible.
 n - a +0 pair of gloves (worn)
Jewellery
 g - a ring of wizardry
 i - a ring of flight (left hand)
 m - a ring of wizardry
Wands
 p - a wand of flame (13)
Scrolls
 e - 2 scrolls of amnesia
 q - a scroll of identify
Potions
 d - a potion of might
 f - a potion of curing
 h - 2 potions of cancellation
 j - 2 potions of invisibility
 o - a potion of flight


   Skills:
 + Level 4.0 Fighting
 + Level 3.5 Axes
 + Level 4.0 Armour
 + Level 3.9 Shields
 * Level 0.8 Evocations


You had 4 spell levels left.
You didn't know any spells.
Your spell library was empty.

Dungeon Overview and Level Annotations

Branches:
Dungeon (4/15)
 Temple: D:4-7

Altars:
Vehumet


Innate Abilities, Weirdness & Mutations

You are immune to sickness and miasma.
Your stone body is resilient. (AC +4)
You are immune to poison.
You resist negative energy. (rN+)
You are resistant to electric shocks. (rElec)
You are resistant to unholy torment.
You are immune to petrification.


Message History

A centaur opens the door.
Really fly into that cloud of steam?
Okay, then.
Really fly into that cloud of steam?
Okay, then.
Really fly into that cloud of steam?
Okay, then.
Really fly into that cloud of steam?
You are engulfed in a cloud of scalding steam.
A steam dragon comes into view.
You see here a ball python corpse.
The steam dragon attacks as you move away!
The steam dragon bites you but does no damage.
The steam dragon claws you but does no damage.
The steam dragon breathes steam at you. The ball of steam hits you.
* * * LOW HITPOINT WARNING * * *
The jelly is engulfed in a cloud of scalding steam.
You hear an angry hiss.
Unknown command.
You feel better.
You are engulfed in a cloud of scalding steam.
The steam dragon attacks as you move away!
The steam dragon bites you!
* * * LOW HITPOINT WARNING * * *
You block the steam dragon's attack.
The steam dragon bites you but does no damage.
The steam dragon claws you but does no damage.
The jelly is engulfed in a cloud of scalding steam.
The jelly attacks as you move away! The jelly hits you but does no damage.
The steam dragon breathes steam at you. The ball of steam misses you.
The jelly attacks as you move away! The jelly barely misses you.
You are engulfed in a cloud of scalding steam.
You slash the jelly!
You kill the jelly!
You are engulfed in a cloud of scalding steam.
The centaur wields a +0 shortbow.
The centaur shoots an arrow.
The arrow hits you!
You die...

####..#.#.#... #.#....
#.....#.#'######.#.###
#............<.....#
#...))....####.#'#.#
#######.......>#
#.....#
.........#.##'##
#....## .####...#.##.#
#...... #.).#.##.#
#....## #..@#.##.#
#....# . # ##.§......#
#....# #.'#.
##.Dh##...... ######
###...###c...# ######
....8D.Dg...$#
###..g###....# #Dc#.
##...# . # ##..# #..#
#


You could see 2 steam dragons, a centaur, a hound and a goblin.

Vanquished Creatures
  A scorpion (D:4)
  A jelly (D:4)
  2 adders
  4 worms
  A dart slug (D:2)
  2 orcs (D:3)
  4 bats
  6 endoplasms
  3 giant cockroaches
  7 goblins
  6 hobgoblins
  3 quokkas
  4 ball pythons
  3 frilled lizards
  6 kobolds
  7 rats
60 creatures vanquished.

Vanquished Creatures (others)
  A giant cockroach (D:4)
1 creature vanquished.

Grand Total: 61 creatures vanquished

Notes
Turn   | Place    | Note
-------+----------+-------------------------------------------
     0 | D:1      | bande the Gargoyle Fighter began the quest for the Orb.
     0 | D:1      | Reached XP level 1. HP: 14/14 MP: 1/1
   162 | D:1      | Reached XP level 2. HP: 19/19 MP: 2/2
   480 | D:1      | Reached XP level 3. HP: 23/23 MP: 3/3
  1288 | D:2      | Found a faded altar of an unknown god.
  1477 | D:3      | Reached XP level 4. HP: 29/29 MP: 4/4
  1480 | D:3      | Identified a scroll of acquirement
  1480 | D:3      | Acquired the +1 pair of boots of the Ant {Str+2 Int+5 SInv}
  2228 | D:4      | Found a radiant altar of Vehumet.
  2562 | D:4      | Noticed a scorpion
  2569 | D:4      | Killed a scorpion
  2570 | D:4      | Reached XP level 5. HP: 31/33 MP: 5/5
  2576 | D:4      | Noticed a steam dragon
  2584 | D:4      | Noticed a centaur
  2584 | D:4      | Noticed a steam dragon
  2592 | D:4      | Shot with an arrow by a centaur

Illustrated notes

Levels and vault maps discovered:
D:1:      dpeg_arrival_renting, layout_rooms, minmay_quantized
D:2:      layout_loops_cross, dreamdust_ecumenical_altar_hidden_monk_grotto,
          st_stairs_5, chequers_serial_rivers_large_a
D:3:      layout_loops_ring
D:4:      cheibrodos_barr_body, layout_basic, vehumet_altar_wand_db

Skill      XL: |  1  2  3  4  5 |
---------------+----------------+-----
Axes           | 2 3 |  3.5
Armour         | 4 |  4.0
Fighting       | 4 |  4.0
Shields        | |  3.9
Evocations     | |  0.8

Action                     |  1- 3 |  4- 6 || total
---------------------------+-------+-------++-------
  Melee: War axe           |   103 |    79 ||   182
    Use: Scroll            |     8 |     6 ||    14
         Potion            |       |     2 ||     2
 Armour: Scale mail        |    42 |    36 ||    78
  Dodge: Dodged            |    42 |    38 ||    80
  Block: Buckler           |    20 |    17 ||    37

Table legend: (Time is in decaauts)
 A = Elapsed time spent in this place.
 B = Non-inter-level travel time spent in this place.
 C = Inter-level travel time spent in this place.
 D = Time resting spent in this place.
 E = Time spent auto-exploring this place.
 F = Levels seen in this place.
 G = Mean time per level.
                   A        B        C        D        E       F      G
               +--------+--------+--------+--------+--------+-----+--------+
         Total |   2670 |   2589 |     81 |      0 |   2070 |   4 |  667.5 |
       Dungeon |   2670 |   2589 |     81 |      0 |   2070 |   4 |  667.5 |
               +--------+--------+--------+--------+--------+-----+--------+

Top non-repeatable levels by time:
     D:2: 821 daAuts
     D:3: 758 daAuts
     D:1: 649 daAuts
     D:4: 440 daAuts
